 Dungeon Crawl Stone Soup version 0.18.1-8-gdd0e5ea (webtiles) character file.

64 Liquid the Sneak (level 3, -4/24 HPs)
             Began as a Vampire Enchanter on June 5, 2016.
             Was an Initiate of Dithmenos.
             Slain by an ice beast (11 damage)
             ... on level 3 of the Dungeon.
             The game lasted 00:05:32 (1466 turns).

Liquid the Sneak (Vampire Enchanter)                Turns: 1466, Time: 00:05:33

Health: -4/24      AC:  5    Str:  7    XL:     3   Next: 91%
Magic:  3/7        EV: 13    Int: 18    God:    Dithmenos [......]
Gold:   99         SH:  0    Dex: 14    Spells: 3 memorised, 1 level left

rFire  . . .     SeeInvis +     e - staff of conjuration (curse)
rCold  . . .     Gourm    .     b - +2 robe
rNeg   + . .     Faith    .     (no shield)
rPois  .         Spirit   .     (no helmet)
rElec  .         Dismiss  .     (no cloak)
rCorr  .         Reflect  .     (no gloves)
SustAt .         Harm     .     i - +0 pair of boots
MR     .....                    (no amulet)
Stlth  +++.......               (no ring)
                                (no ring)

@: not resistant to hostile enchantments, fairly stealthy
A: fangs 3, see invisible, unbreathing
a: Bat Form, Renounce Religion


You were on level 3 of the Dungeon.
You worshipped Dithmenos.
Dithmenos was noncommittal.
You were not thirsty.

You visited 1 branch of the dungeon, and saw 3 of its levels.

You collected 99 gold pieces.

Inventory:

Hand Weapons
 a - a +2 dagger
Armour
 b - a +2 robe (worn)
 h - a cursed +0 buckler
 i - a +0 pair of boots (worn)
Magical Staves
 e - a cursed staff of conjuration (weapon)
Scrolls
 j - a scroll of magic mapping {unknown}
 l - a scroll of enchant armour
 o - a scroll of identify
Potions
 d - 7 potions of blood
 f - 3 potions of might
 g - 2 potions of degeneration
 k - 2 potions of lignification {unknown}
 m - 3 potions of mutation {unknown}
 n - 2 potions of resistance {unknown}
 p - a potion of invisibility {unknown}
 r - a potion of cancellation {unknown}
Books
 c - a book of Maledictions

   Spells                             Type                      Level
   a - Corona                         Hexes                        1
   b - Ensorcelled Hibernation        Hexes/Ice                    2
   c - Confuse                        Hexes                        3
   d - Tukima's Dance                 Hexes                        3
   e - Dazzling Spray                 Conjuration/Hexes            3


   Skills:
 - Level 1.1 Short Blades
 + Level 2.5 Dodging
 + Level 5.4 Stealth
 * Level 2.8 Spellcasting
 + Level 5.2 Hexes


You had one spell level left.
You knew the following spells:

 Your Spells              Type           Power        Failure   Level  Hunger
a - Corona                Hex            ###....      1%          1    None
b - Ensorcelled Hibernat  Hex/Ice        ##....       12%         2    ##.....
c - Confuse               Hex            ###.....     10%         3    ###....


Dungeon Overview and Level Annotations

Branches:
Dungeon (3/15)

Altars:
Dithmenos
The Shining One


Innate Abilities, Weirdness & Mutations

You have razor-sharp teeth.
You have supernaturally acute eyesight.
You can survive without breathing.


Message History

You completely miss the ice beast.
You bite the ice beast, but do no damage.
A rat comes into view.
The ice beast closely misses you.
You catch the helpless ice beast completely off-guard!
You hit the ice beast but do no damage.
You bite the ice beast, but do no damage.
A hobgoblin comes into view.
You hit the ice beast but do no damage.
You catch the helpless ice beast completely off-guard!
You hit the ice beast but do no damage.
A quokka and a zombie come into view.
You hit the ice beast but do no damage.
The ice beast seems less confused.
The ice beast hits you but does no damage.
You completely miss the ice beast.
The ice beast hits you but does no damage.
The ice beast hits you.
* * * LOW HITPOINT WARNING * * *
The ice beast freezes you!
You die...

#.. #.. .g #..
#.## #.Z ...
#.r #.# #..
##.##
#..###...####.
#.Y@...#......
##.###...######
#. ##.......#
#. #######.# #.
#.# #. #.# #.
#####.###### #.
#...........
#.###.......


You could see an ice beast, a giant cockroach zombie (dormant) and a quokka
(sleeping).

Vanquished Creatures
  Terence (D:2)
  A worm (D:2)
  2 dart slugs
  A giant gecko (D:3)
  3 bats
  3 giant cockroaches
  3 goblins
  A hobgoblin (D:2)
  2 jackals (D:3)
  2 quokkas (D:2)
  4 ball pythons
  A giant newt (D:2)
  3 kobolds
  4 rats
31 creatures vanquished.

Notes
Turn   | Place    | Note
--------------------------------------------------------------
     0 | D:1      | Liquid the Vampire Enchanter began the quest for the Orb.
     0 | D:1      | Reached XP level 1. HP: 13/13 MP: 3/3
   294 | D:1      | Reached XP level 2. HP: 15/19 MP: 5/5
   588 | D:2      | Learned a level 2 spell: Ensorcelled Hibernation
   629 | D:2      | Reached skill level 5 in Stealth
   842 | D:2      | Found a shadowy altar of Dithmenos.
   866 | D:2      | Became a worshipper of Dithmenos the Shadowed
   936 | D:2      | Found a glowing golden altar of the Shining One.
   936 | D:2      | Noticed Terence
   944 | D:2      | Killed Terence
   944 | D:2      | Reached skill level 5 in Hexes
   944 | D:2      | Reached XP level 3. HP: 20/24 MP: 4/7
  1305 | D:3      | Learned a level 3 spell: Confuse
  1443 | D:3      | Noticed an ice beast
  1466 | D:3      | Slain by an ice beast

Skill      XL: |  1  2 |
---------------+-------+-----
Stealth        | 5 |  5.4
Hexes          | 5 |  5.2
Short Blades   | |  1.1
Dodging        | |  2.5
Spellcasting   | |  2.8

Action                   || total
-------------------------++-------
Melee: Dagger            ||    85
       Bite              ||     9
       Staff             ||    32
 Cast: Ensorcelled Hiber ||     4
       Confuse           ||     2
  Use: Scroll            ||     7
       Potion            ||     7
 Stab: Sleeping          ||    16
       Confused          ||     2
Armor: Robe              ||    32
Dodge: Dodged            ||    82
